 Dungeon Crawl Stone Soup version 0.30.1-9-gdf580d7c3d (webtiles) character file.

Game seed: 16958006834181348504

79 eliilek the Cudgeller (level 4, -4/41 HPs)
             Began as a Minotaur Berserker on Oct 8, 2023.
             Was a Believer of Trog.
             Slain by Grinder (6 damage)
             ... on level 3 of the Dungeon.
             The game lasted 00:03:35 (1927 turns).

eliilek the Cudgeller (Minotaur Berserker)          Turns: 1927, Time: 00:03:37

Health: -4/41      AC:  5    Str: 24    XL:     4   Next: 17%
Magic:  3/3        EV: 11    Int:  4    God:    Trog [**....]
Gold:   90         SH:  5    Dex:  9    Spells: 3/3 levels left

rFire   . . .        a - +0 mace
rCold   . . .        j - +2 buckler
rNeg    . . .        b - +0 ring mail
rPois   .            (helmet restricted)
rElec   .            (no cloak)
rCorr   .            (no gloves)
SInv    .            (no boots)
Will    .....        (no amulet) Stlth
                     (no ring)
HPRegen 0.26/turn    (no ring)
MPRegen 0.08/turn

%: no passive effects
@: no status effects
A: horns 2, retaliatory headbutt
a: Renounce Religion, Berserk, Trog's Hand


You were on level 3 of the Dungeon.
You worshipped Trog.
Trog was pleased with you.
You visited 1 branch of the dungeon, and saw 3 of its levels.

You collected 90 gold pieces.

Inventory:

Hand Weapons
 a - a +0 mace (weapon)
Missiles
 m - 5 poisoned darts (quivered)
Armour
 b - a +0 ring mail (worn)
 j - a +2 buckler (worn)
Scrolls
 d - a scroll of fear {unknown}
 e - a scroll of enchant armour {unknown}
 g - a scroll of amnesia {unknown}
 k - a scroll of immolation {unknown}
Potions
 c - 2 potions of haste
 f - a potion of degeneration {unknown}
 h - a potion of cancellation {unknown}
 i - 2 potions of lignification {unknown}
 l - a potion of curing {unknown}


   Skills:
 + Level 4.4 Fighting
 * Level 5.3 Maces & Flails
 - Level 2.4 Armour
 - Level 2.1 Dodging
 + Level 1.3 Shields


You had 3 spell levels left.
You didn't know any spells.
Your spell library was empty.

Dungeon Overview and Level Annotations

Branches:
Dungeon (3/15)

Altars:
Qazlal

Annotations:
D:3 Grinder


Innate Abilities, Weirdness & Mutations

You have a pair of horns on your head.
You reflexively headbutt those who attack you in melee.


Message History

Grinder hits you.
You writhe in agony.
You thump Grinder!
Grinder is heavily wounded.
Grinder misses you. Grinder closely misses you. You furiously retaliate!
You headbutt Grinder. You completely miss Grinder.
Grinder is heavily wounded.
Grinder barely misses you.
Grinder blinks!
You feel the effects of Trog's Hand fading.
Grinder hits you.
Grinder blinks!
Grinder blinks!
Found 15 gold pieces.
Your skin stops crawling.
You feel less strong-willed. Grinder hits you.
You sock Grinder! Your headbutt misses Grinder.
Grinder is almost dead.
Grinder hits you.
You writhe in agony.
Grinder hits you.
You closely miss Grinder.
Grinder is almost dead.
Grinder hits you!
You writhe in agony.
You block Grinder's attack.
You hit Grinder but do no damage. You headbutt Grinder, but do no damage.
Grinder is almost dead.
Grinder completely misses you. Grinder barely misses you.
You hit Grinder.
Grinder is almost dead.
Grinder gestures at you. You resist with significant effort.
Grinder says, "What is the universe for?"
Grinder hits you.
* * * LOW HITPOINT WARNING * * *
You writhe in agony.
* * * LOW HITPOINT WARNING * * *
You closely miss Grinder.
Grinder is almost dead.
Grinder hits you.
* * * LOW HITPOINT WARNING * * *
You writhe in agony.
* * * LOW HITPOINT WARNING * * *
Grinder hits you.
You die...

##### ...# #
#.######## #.
#.@5..$... ####
#.###.########
...# #.$...# ##.#
###.### #.# #.#
#.# ####.# #.#
#....##
##.#######.#.#.##
.........#..###.##


You could see Grinder (fast).

Vanquished Creatures
  2 adders
  A dart slug (D:2)
  5 bats
  5 endoplasms
  8 goblins
  2 hobgoblins
  10 jackals
  5 quokkas
  3 ball pythons
  A frilled lizard (D:1)
  6 kobolds
  2 rats (D:1)
50 creatures vanquished.

Notes
Turn   | Place    | Note
-------+----------+-------------------------------------------
     0 | D:1      | eliilek the Minotaur Berserker began the quest for the Orb.
     0 | D:1      | Reached XP level 1. HP: 19/19 MP: 0/0
   142 | D:1      | Reached skill level 4 in Maces & Flails
   148 | D:1      | Reached XP level 2. HP: 23/27 MP: 1/1
   286 | D:1      | Reached ** piety under Trog
   421 | D:1      | Found a faded altar of an unknown god.
   590 | D:1      | Reached XP level 3. HP: 33/33 MP: 2/2
   892 | D:2      | You fall into a shaft and drop 1 floor!
  1033 | D:2      | Reached skill level 5 in Maces & Flails
  1042 | D:2      | Found a stormy altar of Qazlal.
  1092 | D:2      | Reached skill level 1 in Shields
  1627 | D:2      | Reached XP level 4. HP: 41/41 MP: 3/3
  1905 | D:3      | Noticed Grinder
  1927 | D:3      | HP: 2/41 [Grinder (1)]
  1927 | D:3      | Slain by Grinder

Illustrated notes

Levels and vault maps discovered:
D:1:      dpeg_arrival_boxorama, layout_basic, shapermc_ecumenical_altar_ellora
D:2:      layout_basic, basic_altar
D:3:      layout_loops_ring, uniq_grinder

Skill      XL: |  1  2  3 |
---------------+----------+-----
Maces & Flails | 4 5 |  5.3
Fighting       | 4 |  4.4
Shields        | 1 |  1.3
Armour         | |  2.4
Dodging        | |  2.1

Action                     |  1- 3 |  4- 6 || total
---------------------------+-------+-------++-------
  Melee: Mace              |    87 |    20 ||   107
         Headbutt          |     8 |     3 ||    11
 Invoke: Trog's Hand       |       |     1 ||     1
 Armour: Ring mail         |    25 |     6 ||    31
         Leather armour    |     1 |       ||     1
  Dodge: Dodged            |    52 |    12 ||    64
  Block: Buckler           |    11 |     5 ||    16
